Map: Terrenos sagrados

Players

MrFercho

  • Race: Terran Terran
  • Spawn Location: 12:00

tigro

  • Race: Terran Terran
  • Spawn Location: 12:00

Porkytaterto

  • Race: Terran Terran
  • Spawn Location: 6:00

NelsonMandla

  • Race: Terran Terran
  • Spawn Location: 6:00

VOD

Have the link to the VOD?

Description

Time

  • Played on: July 30, 2019, 12:05 a.m.
  • Length: 33:32
Show
View Real Time Build Order
Export as new Build Order

MrFercho Terran 

Build Orders:  

Get SALT Encoding   

  12  0:02  SCV  
  13  0:18  SCV  
  14  0:35  Supply Depot, Refinery  
  14  0:41  SCV  
  15  0:57  SCV  
  16  1:17  SCV  
  16  1:30  SCV  
  17  1:42  SCV  
  18  2:04  Refinery  
  18  2:15  Barracks  
  18  2:25  Engineering Bay  
  18  3:09  Barracks Tech Lab  
  18  3:23  Barracks  
  18  3:26  Barracks  
  18  3:33  SCV  
  19  3:45  SCV  
  19  3:57  SCV  
  20  4:09  SCV  
  21  4:21  SCV  
  22  4:25  Barracks Tech Lab  
  22  4:26  Barracks Tech Lab  
  22  4:39  Supply Depot  
  22  4:41  Supply Depot  
  22  4:54  Marine  
  22  4:57  Combat Shield  
  22  4:58  Concussive Shells  
  23  5:01  Marine x2  
  23  5:03  Supply Depot  
  23  5:05  Bunker  
  25  5:08  Engineering Bay  
  25  5:11  Marine  
  26  5:18  Marine x2  
  28  5:24  Factory  
  28  5:26  Factory  
  28  5:27  Factory  
  28  5:33  Orbital Command  
  28  5:43  Neosteel Armor  
  28  6:03  Sensor Tower  
  28  6:30  Command Center  
  28  6:36  Marauder  
  30  6:57  Factory Tech Lab x3, Missile Turret  
  30  7:15  Refinery  
  28  7:41  Refinery  
  28  7:55  Sensor Tower  
  28  8:00  Siege Tank x2  
  28  8:01  Siege Tank  
  37  8:10  SCV  
  38  8:15  SCV  
  39  8:23  Orbital Command  
  39  8:27  SCV  
  40  8:39  SCV  
  41  8:51  SCV  
  42  8:57  Starport  
  42  9:03  SCV  
  43  9:27  Marauder x2  
  43  9:28  Marauder  
  49  9:35  SCV x2  
  49  9:36  Starport  
  51  9:47  SCV x2  
  51  9:48  Marine x2  
  55  9:59  SCV x2  
  57  10:11  SCV x2  
  59  10:15  Starport  
  59  10:21  Command Center  
  59  10:29  Refinery, Starport Tech Lab x2  
  51  10:55  Marine  
  51  10:56  Marine x2, Refinery  
  54  11:13  Marine  
  54  11:14  Marauder x2  
  56  11:19  Siege Tank x2  
  56  11:24  Siege Tank  
  62  11:32  Marauder, Supply Depot  
  58  11:34  Supply Depot  
  58  11:35  Marauder  
  56  11:47  Armory  
  50  11:55  Supply Depot  
  50  11:58  Supply Depot  
  35  12:32  Siege Tank x3  
  35  12:36  Armory  
  44  12:41  Terran Infantry Armor Level 1, Terran Infantry Weapons Level 1  
  44  13:04  Thor x3  
  59  14:03  SCV  
  60  14:15  SCV  
  61  14:27  SCV  
  62  14:38  Starport Tech Lab  
  62  14:39  SCV  
  62  14:41  Banshee  
  62  14:42  Banshee  
  69  14:51  SCV  
  70  15:08  Fusion Core  
  70  15:11  Orbital Command  
  70  15:24  Banshee x2  
  76  15:38  Supply Depot  
  76  15:39  Supply Depot  
  76  15:44  Thor  
  76  15:45  Thor, Siege Tank  
  91  16:00  Supply Depot  
  91  16:07  Banshee x2  
  97  16:18  Siege Tank  
  82  16:33  Liberator  
  82  16:34  Marauder x3  
  82  16:38  Terran Infantry Weapons Level 2, Terran Infantry Armor Level 2  
  88  16:41  Terran Vehicle And Ship Armor Level 1, Terran Vehicle Weapons Level 1  
  88  16:46  Infernal Pre-Igniter  
  88  16:50  Banshee  
  88  16:52  Smart Servos  
  94  16:55  Marauder  
  94  16:56  Marauder x2  
  100  17:16  Stimpack  
  100  17:17  Marauder x3  
  106  18:00  Battlecruiser  
  112  18:08  SCV  
  113  18:21  SCV x3  
  116  18:31  Supply Depot  
  116  18:33  Supply Depot, SCV  
  117  18:35  Terran Ship Weapons Level 1  
  117  18:53  Battlecruiser, SCV x2  
  117  18:54  SCV  
  117  18:55  Battlecruiser  
  132  19:05  SCV x2  
  132  19:07  SCV  
  123  19:42  Weapon Refit  
  123  20:35  Refinery  
  123  20:39  Refinery  
  123  20:40  Command Center  
  69  21:58  Thor x3  
  87  22:23  Marauder x3  
  93  22:32  Banshee, Battlecruiser x2  
  108  22:41  Siege Tank x3  
  108  22:44  Marine x3  
  120  23:02  Marine x3  
  117  23:13  Hellion x3  
  117  23:15  Banshee  
  117  23:19  Marine  
  111  23:20  Marine x2  
  90  23:34  Siege Tank x3  
  90  23:36  Banshee x2  
  93  23:58  Banshee  
  84  24:04  Marauder x3  
  87  24:19  Viking x2  
  73  24:41  Viking  
  47  26:05  Supply Depot  
  47  26:07  Supply Depot x2  
  47  26:08  Supply Depot  
  47  26:10  Supply Depot  
  47  26:28  Engineering Bay  
  47  26:31  Supply Depot, Engineering Bay  
  47  26:32  Supply Depot  
  47  26:33  Barracks  
  47  26:34  Supply Depot  
  47  26:35  Barracks, Supply Depot  
  47  26:39  Barracks  
  47  27:02  Fusion Core  
Show
View Real Time Build Order
Export as new Build Order

tigro Terran 

Build Orders:  

Get SALT Encoding   

  12  0:06  SCV  
  13  0:19  Refinery  
  13  0:32  Supply Depot  
  13  0:45  Refinery  
  13  0:46  SCV  
  14  0:58  SCV  
  15  1:10  SCV  
  16  1:17  Barracks  
  16  1:22  SCV  
  17  2:12  Barracks Tech Lab  
  17  2:25  Engineering Bay  
  17  2:44  Marine  
  18  2:51  Planetary Fortress  
  18  2:52  Supply Depot  
  18  3:02  Marine  
  19  3:20  Marine  
  20  3:30  Missile Turret  
  20  3:36  Terran Infantry Weapons Level 1  
  20  3:38  Marine  
  21  3:55  Marine  
  22  4:13  Marine  
  23  4:20  Factory  
  23  4:31  Marine  
  24  4:49  Marine  
  25  5:07  Marauder  
  25  5:08  Factory Tech Lab  
  27  5:21  Missile Turret  
  27  5:26  Combat Shield  
  27  5:29  Marauder  
  27  5:31  Terran Infantry Armor Level 1  
  29  5:50  Marauder  
  31  5:59  Missile Turret  
  31  6:29  Supply Depot  
  31  6:33  Armory  
  31  6:51  Marauder  
  33  7:07  Stimpack  
  33  7:13  Marauder  
  35  7:24  Starport  
  35  7:25  Neosteel Armor  
  35  7:35  Command Center  
  35  8:16  Starport Tech Lab  
  35  8:17  Terran Ship Weapons Level 1  
  35  8:28  Marauder  
  37  8:46  Thor, Concussive Shells  
  43  8:56  Orbital Command  
  43  9:05  Hi-Sec Auto Tracking  
  78  9:10  Medivac  
  45  9:28  Refinery  
  45  9:39  Medivac  
  45  9:40  SCV  
  45  9:43  Refinery  
  48  9:52  SCV  
  49  10:04  SCV  
  50  10:11  Terran Vehicle Weapons Level 1  
  28  10:51  Marauder  
  28  10:55  Command Center  
  30  10:59  Medivac  
  32  11:12  Marauder  
  34  11:20  SCV  
  35  11:29  Medivac  
  37  11:34  Marauder  
  31  11:55  Marauder  
  31  11:59  Banshee  
  36  12:16  Marauder  
  38  12:34  Missile Turret, SCV  
  39  12:37  Marine  
  40  12:46  SCV  
  41  12:55  Marine  
  42  13:10  Hellbat  
  44  13:13  Marauder  
  46  13:31  Thor, Planetary Fortress  
  52  13:34  Marine  
  53  13:52  Marine  
  51  14:10  Marine  
  51  14:14  Thor  
  58  14:22  Refinery  
  58  14:27  Refinery  
  58  14:30  SCV  
  59  14:42  Medivac  
  61  14:56  Thor  
  67  15:02  Terran Infantry Weapons Level 2  
  67  15:06  Terran Vehicle Weapons Level 2  
  67  15:46  Marine  
  68  16:04  Marine  
  69  16:30  Marine  
  68  16:48  Marine  
  26  17:05  Marine  
  27  17:08  Thor  
  33  17:18  Terran Infantry Armor Level 2  
  33  17:20  Medivac  
  33  17:22  Terran Ship Weapons Level 2  
  35  17:23  Marine  
  36  17:41  Marine  
  37  17:46  Fusion Core  
  37  17:50  Medivac  
  39  17:51  Thor  
  45  17:59  Marine, Missile Turret  
  45  18:00  SCV  
  47  18:17  Marine  
  48  18:34  Thor  
  54  18:59  Missile Turret  
  54  19:05  Battlecruiser  
  60  19:17  Thor  
  66  19:28  Supply Depot  
  66  19:34  Terran Infantry Weapons Level 3  
  66  19:56  Marauder  
  68  20:00  Siege Tank  
  71  20:09  Battlecruiser  
  77  21:09  Supply Depot  
  77  21:31  Marauder, Siege Tank  
  65  21:52  Marauder  
  38  22:03  Siege Tank  
  41  22:10  Medivac  
  41  22:14  Marauder  
  45  22:22  SCV  
  46  22:35  Marauder, Siege Tank  
  51  22:38  Bunker  
  51  22:40  Battlecruiser  
  57  22:56  Marine  
  58  23:07  Siege Tank  
  61  23:14  Marauder  
  41  23:35  Marine  
  41  23:39  Siege Tank  
  45  23:44  Battlecruiser  
  48  23:53  Marine  
  46  24:11  Thor, Marine  
  41  24:48  Medivac  
  43  24:54  Barracks, Siege Tank  
  40  25:18  Viking  
  26  25:53  Barracks Tech Lab  
  15  26:32  Marine  
  13  26:44  Engineering Bay  
  13  26:50  Marine  
  14  27:08  Marine  
  15  27:20  Barracks  
  15  27:26  Marine  
  16  27:43  Marine  
  17  28:01  Marine  
  15  28:13  Marine  
  6  28:31  Marine  
  6  28:49  Marine  
  7  29:06  Marine  
  8  29:23  Command Center  
  1  30:43  Engineering Bay  
  1  30:45  SCV  
  2  31:10  Supply Depot  
  2  31:35  SCV  
  3  31:47  SCV  
  3  31:49  Barracks  
Show
View Real Time Build Order
Export as new Build Order

Porkytaterto Terran 

Build Orders:  

Get SALT Encoding   

  12  0:06  SCV  
  13  0:24  Supply Depot  
  13  0:33  SCV  
  14  0:45  SCV  
  15  1:00  Barracks  
  15  1:11  Refinery  
  15  1:14  Supply Depot  
  15  1:47  SCV  
  16  1:54  Supply Depot  
  16  1:56  Marine  
  16  1:59  SCV  
  18  2:07  Bunker  
  18  2:14  Marine  
  19  2:28  Orbital Command  
  19  2:32  Marine  
  19  2:34  Supply Depot  
  20  2:50  Marine, Engineering Bay  
  21  3:11  Barracks  
  21  3:18  Barracks Reactor  
  21  3:49  Missile Turret  
  21  3:55  Marine x2  
  22  4:00  Barracks Tech Lab  
  23  4:10  Sensor Tower  
  23  4:13  Marine x2, Factory  
  25  4:22  SCV  
  26  4:26  Refinery  
  26  4:28  Marauder  
  26  4:31  Marine x2  
  29  4:34  SCV  
  31  4:46  SCV  
  31  4:47  Ghost Academy  
  31  4:48  Marine  
  31  4:49  Marauder, Marine  
  36  5:09  Marine x2  
  36  5:11  Marauder  
  40  5:19  Hellion  
  42  5:27  Marine  
  43  5:32  Marauder  
  45  5:36  Armory  
  45  5:49  Hellion  
  47  6:24  Supply Depot  
  47  6:41  Terran Vehicle Weapons Level 1  
  47  6:46  Marauder, Factory Reactor  
  49  6:51  Supply Depot  
  49  6:55  SCV  
  50  7:04  Factory  
  50  7:07  SCV  
  51  7:14  Supply Depot  
  51  7:15  Ghost  
  49  7:34  Hellbat x2  
  53  7:40  Supply Depot  
  53  7:44  Ghost  
  53  7:51  Factory Tech Lab  
  55  7:56  Hellbat  
  57  8:02  Supply Depot  
  57  8:05  Personal Cloaking  
  57  8:08  Starport  
  57  8:22  Siege Tank  
  60  8:43  Marine x2  
  62  8:54  Cyclone  
  65  9:01  Marine x2  
  67  9:18  Marine  
  67  9:19  Marine  
  67  9:23  Command Center  
  69  9:29  Refinery  
  69  9:36  Marine x2, Nuke  
  71  9:56  Medivac  
  73  10:13  Fusion Core  
  73  10:16  Marauder  
  75  10:26  Medivac  
  75  10:54  Thor  
  81  10:57  Marine x2  
  39  12:28  Nuke  
  39  12:54  Thor  
  39  13:11  Ghost  
  41  13:37  Siege Tank  
  41  13:41  Marauder  
  46  13:43  Nuke  
  46  13:45  Marine  
  46  13:46  Marine  
  46  14:02  Marauder  
  48  14:03  Marine x2  
  48  14:07  Orbital Command  
  48  14:09  Siege Tank  
  53  14:21  Marine x2  
  53  14:22  Medivac  
  53  14:23  Marauder  
  59  14:41  Siege Tank  
  59  14:45  Marauder  
  64  14:56  Combat Shield  
  64  15:02  Infernal Pre-Igniter  
  64  15:05  Ghost  
  66  15:13  Siege Tank  
  69  15:14  Starport Tech Lab  
  69  16:08  Ghost  
  71  16:12  Hellion x2  
  75  16:33  Hellion x2  
  75  16:37  Stimpack, Ghost  
  81  16:44  Thor  
  87  16:54  Hellion  
  89  17:03  Nuke  
  89  17:27  Siege Tank  
  92  17:47  Battlecruiser  
  98  18:24  Cloaking Field  
  98  18:29  Hellion x2  
  102  18:42  Mag-Field Accelerator  
  102  18:50  Hellion x2  
  102  18:51  Banshee  
  102  18:52  SCV  
  102  18:55  Refinery  
  110  18:59  Concussive Shells  
  110  19:11  Hellion x2  
  103  19:33  Hellion x2  
  103  19:34  Banshee  
  103  19:37  SCV  
  111  19:41  Thor  
  117  19:49  SCV  
  118  20:01  SCV  
  119  20:13  SCV  
  120  20:17  Banshee  
  123  20:25  SCV  
  124  20:46  Widow Mine x2  
  128  20:59  Banshee  
  131  21:07  Widow Mine x2  
  135  21:28  Widow Mine  
  108  22:02  Battlecruiser  
  108  22:05  Marine  
  108  22:06  Marine  
  116  22:23  Hellion, Marine  
  119  22:51  Cyclone  
  78  23:37  Thor  
  77  24:18  Marine x2  
  77  24:20  Thor  
  85  24:36  Marine x2  
  87  24:47  Nuke  
  87  24:54  Marine x2  
  89  25:12  Marine  
  90  26:21  Thor  
  96  26:26  Marine  
  97  27:04  Thor  
  103  27:08  Banshee  
  103  27:13  Hellion  
  108  28:12  Refinery  
  108  29:20  Battlecruiser  
  100  30:24  Banshee  
  103  32:23  Battlecruiser  
  103  32:27  Marine x2  
  111  32:45  Marine x2  
  113  33:02  Marine  
  113  33:03  Marine  
Show
View Real Time Build Order
Export as new Build Order

NelsonMandla Terran 

Build Orders:  

Get SALT Encoding   

  12  0:10  SCV  
  13  0:22  SCV  
  14  0:34  SCV  
  15  0:41  Refinery  
  15  0:53  Supply Depot x2  
  15  1:14  SCV  
  16  1:27  SCV  
  17  1:36  Refinery  
  17  2:11  Barracks  
  17  2:27  Engineering Bay  
  17  2:57  Refinery  
  17  3:02  Command Center  
  17  3:21  Marine  
  17  3:23  Refinery  
  17  3:27  SCV  
  19  3:39  SCV  
  20  3:51  SCV  
  21  3:57  Barracks Tech Lab  
  21  4:15  SCV  
  22  4:23  SCV  
  23  4:27  SCV  
  24  4:35  SCV  
  24  4:36  Marine  
  26  4:39  SCV  
  27  4:47  SCV  
  27  4:51  SCV  
  29  4:55  Marauder  
  31  5:03  SCV  
  32  5:13  Factory  
  32  5:15  Marine  
  33  5:34  Marauder  
  35  5:55  Marine  
  36  5:59  Factory  
  36  6:07  Missile Turret  
  36  6:12  Marine  
  36  6:16  Orbital Command  
  37  6:18  Orbital Command  
  37  6:23  Factory Tech Lab  
  37  6:31  Marauder  
  39  6:36  Supply Depot, Armory  
  39  6:45  Cyclone  
  42  6:52  Marine  
  43  6:56  Terran Infantry Weapons Level 1  
  43  7:00  Supply Depot  
  43  7:09  Marine  
  44  7:18  Cyclone  
  44  7:20  Factory Tech Lab  
  47  7:24  Supply Depot  
  47  7:27  Marine  
  48  7:45  Marine  
  48  7:50  Cyclone  
  52  8:05  Missile Turret  
  52  8:13  Thor  
  52  8:19  Terran Vehicle Weapons Level 1  
  58  8:22  Cyclone  
  61  8:50  Terran Infantry Armor Level 1  
  61  8:52  Sensor Tower  
  61  9:03  Marine  
  62  9:14  Combat Shield  
  62  9:20  Marine  
  62  9:21  Cyclone  
  66  9:26  Sensor Tower  
  66  9:46  Command Center  
  66  9:49  SCV  
  67  10:01  SCV  
  68  10:13  Terran Vehicle And Ship Armor Level 1, SCV  
  69  10:25  SCV  
  70  10:36  Starport  
  70  10:38  SCV  
  71  10:44  Terran Infantry Weapons Level 2  
  71  11:03  Command Center  
  71  11:08  SCV  
  72  11:20  SCV  
  73  11:32  SCV  
  74  11:44  SCV  
  75  11:51  Marine  
  76  11:56  SCV  
  76  12:00  Thor  
  83  12:01  Thor  
  83  12:08  Terran Ship Weapons Level 1  
  89  12:09  Marine  
  90  12:24  Refinery  
  90  12:27  Marine  
  91  12:43  Cyclone  
  95  12:44  Cyclone  
  95  12:45  Marine  
  98  12:51  Refinery  
  98  12:59  Terran Infantry Armor Level 2  
  98  13:03  Marine  
  99  13:15  Cyclone  
  99  13:17  Siege Tank  
  105  13:20  Marine  
  106  13:47  Cyclone  
  109  13:48  Thor  
  109  13:51  Medivac  
  117  14:01  Terran Vehicle Weapons Level 2  
  117  14:03  SCV  
  118  14:15  SCV  
  119  14:19  Thor  
  119  14:20  Medivac  
  127  14:27  SCV  
  128  14:39  SCV  
  128  14:43  Supply Depot x2  
  129  14:50  Hellbat  
  129  14:51  SCV  
  132  15:12  Hellbat  
  134  15:15  Terran Infantry Weapons Level 3  
  134  15:31  Refinery  
  134  15:49  Thor  
  140  15:50  Thor  
  140  15:53  Starport Tech Lab  
  146  16:17  Terran Vehicle And Ship Armor Level 2  
  143  16:53  Thor  
  143  17:05  Raven  
  145  17:47  Raven  
  145  17:50  Supply Depot x2  
  147  17:51  Supply Depot  
  147  17:52  Terran Infantry Armor Level 3, Supply Depot  
  147  17:54  Supply Depot  
  147  18:11  Thor  
  153  18:33  Terran Ship Weapons Level 2  
  153  18:46  Thor  
  159  18:54  Thor  
  165  18:58  Marine  
  166  19:16  Marine  
  167  19:29  Thor  
  173  19:34  Marine  
  173  19:37  Thor  
  180  20:49  Terran Vehicle Weapons Level 3  
  122  21:59  Cyclone  
  125  22:02  Cyclone  
  128  22:10  Orbital Command  
  128  22:29  Refinery  
  128  22:31  Cyclone  
  128  22:35  Hellbat  
  133  22:51  Marine  
  133  22:56  Hellbat  
  136  23:03  Cyclone  
  139  23:09  Marine  
  137  23:17  Mag-Field Accelerator  
  137  23:18  Hellbat  
  139  23:26  Terran Vehicle And Ship Armor Level 3  
  139  23:27  Marine  
  134  23:36  Cyclone  
  134  23:39  Cyclone  
  140  23:44  Marine  
  141  24:02  Marine  
  135  24:08  Cyclone  
  139  24:11  Cyclone  
  142  24:30  Marine  
  143  24:33  Raven  
  145  24:40  Cyclone  
  154  24:47  Marine, Cyclone  
  152  24:56  Infernal Pre-Igniter  
  152  25:05  Marine  
  153  25:12  Cyclone  
  148  25:16  Banshee  
  148  25:19  Siege Tank  
  151  25:23  Marine  
  147  25:41  Marine  
  148  25:44  Cyclone  
  151  25:51  Siege Tank  
  154  25:59  Marine, Banshee  
  154  26:03  Terran Ship Weapons Level 3  
  158  26:16  Cyclone  
  161  26:23  Siege Tank  
  164  26:42  Banshee  
  167  26:48  Cyclone  
  170  26:55  Siege Tank  
  173  27:25  Banshee  
  148  31:42  Thor  
  148  31:43  Thor  
  148  31:44  Marine  
  161  32:02  Marine  
  162  32:20  Marine  
  157  32:25  Thor  
  157  32:26  Thor  
  165  32:38  Marine  
  166  32:55  Marine  
Tags
 
Add a new tag
Caveats
  • Supply blocks, unpowered buildings, or Contaminate may cause inaccurate times.
  • Supply counts are checked every 10 seconds.